 Dungeon Crawl Stone Soup version 0.29.1-15-g9cfb28693d (webtiles) character file.

Game seed: 4632930514169116417

1812 nagelbites the Conjurer (level 8, 0/57 HPs)
             Began as a Demonspawn Conjurer on Mar 28, 2023.
             Was a Priest of Nemelex Xobeh.
             Succumbed to Crazy Yiuf's poison
             ... on level 6 of the Dungeon.
             The game lasted 00:30:14 (6759 turns).

nagelbites the Conjurer (Demonspawn Conjurer)       Turns: 6759, Time: 00:30:15

Health: 0/57       AC:  3    Str:  7    XL:     8   Next: 84%
Magic:  8/14       EV: 15    Int: 23    God:    Nemelex Xobeh [***...]
Gold:   460        SH:  5    Dex: 17    Spells: 3/15 levels left

rFire   . . .      SeeInvis .   i - +1 hand axe (distort)
rCold   . . .      Faith    .   (no shield)
rNeg    . . .      Spirit   .   a - +0 robe
rPois   .          Reflect  +   e - +1 hat {Stlth+}
rElec   .          Harm     .   (no cloak)
rCorr   .          Rampage  .   (no gloves)
Will    .....                   (no boots)
Stlth   ++++......              o - amulet of reflection
HPRegen 0.19/turn               h - +6 ring of dexterity
MPRegen 0.14/turn               (no ring)

@: lethally poisoned (0 -> -9)
A: repulsion field 1, icemail 1, powered by death 1, condensation shield, claws
1
a: Renounce Religion, Draw Escape, Draw Destruction, Draw Summoning, Triple Draw


You were on level 6 of the Dungeon.
You worshipped Nemelex Xobeh.
Nemelex Xobeh was most pleased with you.
You visited 1 branch of the dungeon, and saw 6 of its levels.

You collected 460 gold pieces.

Inventory:

Hand Weapons
 b - the +0 flail "Lexkumud" {freeze, rPois rN+ Will+ SInv}
   (You took it off an orc on level 6 of the Dungeon)

   It freezes those it strikes, dealing additional cold damage.
   It can also slow down cold-blooded creatures.
   rPois:     It protects you from poison.
   rN:        It protects you from negative energy.
   SInv:      It lets you see invisible.
   Will:      It increases your willpower.
 g - a +0 short sword
 i - a +1 hand axe of distortion (weapon)
 l - the +10 sling of Sharkskin {speed, rPois rF- Int+4}
   (You found it on level 2 of the Dungeon)

   Attacks with this weapon are significantly faster.
   Int:       It affects your intelligence (+4).
   rF:        It makes you vulnerable to fire.
   rPois:     It protects you from poison.
Armour
 a - a +0 robe (worn)
 e - a +1 hat of stealth (worn)
 m - a +1 helmet
Jewellery
 h - a +6 ring of dexterity (left claw)
 o - an amulet of reflection (around neck)
Wands
 y - a wand of roots (7)
Scrolls
 c - a scroll of fear
 n - a scroll of enchant armour
 q - 2 scrolls of magic mapping
 r - 2 scrolls of immolation {unknown}
 t - a scroll of blinking
 u - 2 scrolls of teleportation
 v - 4 scrolls of enchant weapon {unknown}
 w - a scroll of brand weapon {unknown}
 z - a scroll of poison
Potions
 d - a potion of resistance {unknown}
 f - 2 potions of attraction {unknown}
 j - a potion of heal wounds {unknown}
 k - 2 potions of mutation
 p - a potion of might {unknown}
 s - a potion of degeneration {unknown}
 x - a potion of brilliance


   Skills:
 + Level 2.8 Fighting
 - Level 0.2 Short Blades
 + Level 2.4 Axes
 + Level 3.4 Dodging
 + Level 3.5 Stealth
 * Level 4.3 Spellcasting
 * Level 6.1 Conjurations
 * Level 0.5 Hexes
 * Level 0.4 Translocations
 * Level 3.0 Transmutations
 * Level 0.6 Ice Magic
 * Level 3.1 Earth Magic
 * Level 5.3 Invocations
 * Level 0.7 Evocations


You had 3 spell levels left.
You knew the following spells:

 Your Spells              Type           Power      Damage    Failure   Level
a - Magic Dart            Conj           100%       1d8       1%          1
b - Searing Ray           Conj           66%        2d6       1%          2
c - Passwall              Tmut/Erth      15%        N/A       4%          2
d - Beastly Appendage     Tmut           38%        N/A       3%          1
e - Ensorcelled Hibernat  Hex/Ice        14%        N/A       12%         2
f - Iskenderun's Mystic   Conj/Tloc      20%        2d6       26%         4

Your spell library contained the following spells:

 Spells                   Type           Power      Damage    Failure   Level
 Wereblood                Tmut           19%        N/A       4%          2
 Dazzling Flash           Conj/Hex       40%        N/A       8%          3
 Spider Form              Tmut/Pois      12%        N/A       16%         3
 Swiftness                Air            5%         N/A       30%         3
 Fulminant Prism          Conj/Hex       10%        3d9       26%         4


Dungeon Overview and Level Annotations

Branches:
Dungeon (6/15)             Temple (0/1) D:5

Altars:
Kikubaaqudgha
Makhleb
Nemelex Xobeh
Ru
Sif Muna

Shops:
D:2 (

Annotations:
D:4 Sigmund
D:5 2 transporters
D:6 Crazy Yiuf


Innate Abilities, Weirdness & Mutations

You are surrounded by a mild repulsion field. (EV +2)
A meltable icy envelope protects you from harm. (AC +0)
You regenerate a little health from kills.
A meltable shield of frost defends you. (SH +0)
You have sharp fingernails.


Message History

The searing ray hits Crazy Yiuf.
Crazy Yiuf is moderately wounded.
Crazy Yiuf hits you with a +4 quarterstaff of chaos!
The searing ray hits Crazy Yiuf!
Crazy Yiuf is severely wounded.
Crazy Yiuf hits you with a +4 quarterstaff of chaos.
Crazy Yiuf freezes you.
The searing ray misses Crazy Yiuf.
You finish channelling your searing ray.
Crazy Yiuf grits, "Fire!"
Crazy Yiuf zaps a wand.
The puff of flame hits you.
Crazy Yiuf zaps a wand.
The puff of flame hits you!
Aiming: Magic Dart (safe; 1% risk of failure)
Press: ? - help, Q - select action, (/) - cycle Shift-Dir - straight line, f/p - Crazy Yiuf
Aim: Crazy Yiuf, wielding a +4 quarterstaff of chaos, wearing a +1 cloak and carrying a wand of flame (19) (severely wounded, 100% to hit)
The magic dart hits Crazy Yiuf but does no damage.
Crazy Yiuf is severely wounded.
Crazy Yiuf hits you with a +4 quarterstaff of chaos!
* * * LOW HITPOINT WARNING * * *
You are lethally poisoned!
Aiming: Magic Dart (safe; 1% risk of failure)
Press: ? - help, Q - select action, (/) - cycle Shift-Dir - straight line, f/p - Crazy Yiuf
Aim: Crazy Yiuf, wielding a +4 quarterstaff of chaos, wearing a +1 cloak and carrying a wand of flame (19) (severely wounded, 100% to hit)
The magic dart hits Crazy Yiuf but does no damage.
Crazy Yiuf is severely wounded.
* * * LOW HITPOINT WARNING * * *
You feel very sick. Crazy Yiuf closely misses you.
Read: 2 scrolls of fear
Press: ? - help, Q - select action, (/) - cycle Dir - look around, f - activate Look: Crazy Yiuf, wielding a +4 quarterstaff of chaos, wearing a +1 cloak and carrying a wand of flame (19) (severely wounded, chance to affect: 98%)
As you read the scroll of fear, it crumbles to dust.
You assume a fearsome visage.
Crazy Yiuf looks frightened!
* * * LOW HITPOINT WARNING * * *
You feel very sick.
It was a potion of mutation.
You feel extremely strange.
Your fingernails lengthen.
You die...
Your body glows slightly and disappears.

............##
)............#
)............#
........######
...####.# ##..##..#
#......##♣♣ ###
##........♣♣ ♣♣#..)#
##.......P♣♣♣♣@'g..#
###..##...PP.♣..♣#...#
............♣.♣♣♣ ###
..#.....##♣♣♣♣♣
..#.##..# .#####..####
.#####.....#
.>..##.##### #.......#


You could see Crazy Yiuf (fleeing).

Vanquished Creatures
  2 water moccasins
  2 black bears
  An ice beast (D:5)
  A phantom (D:4)
  A bullfrog (D:6)
  4 hounds
  3 orc priests
  2 jellies
  2 iguanas
  3 orc wizards
  10 adders
  3 shadow imps (D:3)
  An ufetubus (D:6)
  2 worms
  8 dart slugs
  15 orcs
  5 ball pythons
  4 bats
  6 endoplasms
  2 giant cockroaches
  5 hobgoblins
  5 jackals
  6 kobolds
  6 quokkas
  3 frilled lizards
  5 goblins
  A rat (D:2)
108 creatures vanquished.

Vanquished Creatures (others)
  9 plants (D:4)
9 creatures vanquished.

Grand Total: 117 creatures vanquished

Notes
Turn   | Place    | Note
-------+----------+-------------------------------------------
     0 | D:1      | nagelbites the Demonspawn Conjurer began the quest for the
                  | Orb.
     0 | D:1      | Reached XP level 1. HP: 13/13 MP: 3/3
   141 | D:1      | Gained mutation: A meltable shield of frost defends you.
                  | (SH +0) [demonic ancestry]
   141 | D:1      | Reached XP level 2. HP: 19/19 MP: 0/5
   638 | D:1      | Found a faded altar of an unknown god.
   645 | D:1      | Prayed at the altar of an unknown god.
   645 | D:1      | Became a worshipper of Nemelex Xobeh the Trickster
   645 | D:1      | Reached * piety under Nemelex Xobeh
   871 | D:1      | Learned a level 2 spell: Searing Ray
  1094 | D:2      | Gained mutation: A meltable icy envelope protects you from
                  | harm. (AC +0) [demonic ancestry]
  1094 | D:2      | Reached XP level 3. HP: 25/25 MP: 1/6
  1379 | D:2      | Identified the +10 sling of Sharkskin {speed, rPois rF-
                  | Int+4}
  1602 | D:2      | Received a gift from Nemelex Xobeh
  1767 | D:2      | Found Roiggic's Weapon Shoppe.
  2214 | D:3      | Reached ** piety under Nemelex Xobeh
  2224 | D:3      | Reached skill level 1 in Invocations
  2376 | D:3      | Reached XP level 4. HP: 31/31 MP: 1/7
  2397 | D:3      | Learned a level 2 spell: Passwall
  2448 | D:3      | Reached skill level 1 in Fighting
  2523 | D:3      | Found a transporter.
  2634 | D:3      | Found a shimmering blue altar of Sif Muna.
  2677 | D:3      | Found a transporter.
  3071 | D:3      | Gained mutation: You are surrounded by a mild repulsion
                  | field. (EV +2) [demonic ancestry]
  3071 | D:3      | Reached XP level 5. HP: 37/37 MP: 9/9
  3078 | D:3      | Reached skill level 1 in Axes
  3575 | D:3      | Noticed a water moccasin
  3581 | D:3      | Killed a water moccasin
  3582 | D:3      | Reached XP level 6. HP: 35/43 MP: 2/10
  4002 | D:4      | Found a faded altar of an unknown god.
  4150 | D:4      | Reached skill level 5 in Conjurations
  4212 | D:4      | Reached skill level 1 in Transmutations
  4212 | D:4      | Reached skill level 1 in Earth Magic
  4599 | D:4      | Noticed Sigmund
  4760 | D:5      | Entered Level 5 of the Dungeon
  4760 | D:5      | Reached *** piety under Nemelex Xobeh
  4875 | D:5      | Found a burning altar of Makhleb.
  4879 | D:5      | Noticed a cacodemon
  4884 | D:5      | Noticed an angel
  4962 | D:5      | Reached XP level 7. HP: 49/49 MP: 4/12
  5169 | D:5      | Found an ancient bone altar of Kikubaaqudgha.
  5518 | D:5      | Found a transporter.
  5559 | D:5      | Found a sacrificial altar of Ru.
  5593 | D:5      | Found a transporter.
  5604 | D:5      | Found a staircase to the Ecumenical Temple.
  5998 | D:6      | Gained mutation: You regenerate a little health from kills.
                  | [demonic ancestry]
  5998 | D:6      | Reached XP level 8. HP: 56/56 MP: 9/13
  6063 | D:6      | Identified the +0 flail "Lexkumud" {freeze, rPois rN+ Will+
                  | SInv}
  6067 | D:6      | Noticed a two-headed ogre
  6080 | D:6      | Banished a two-headed ogre
  6081 | D:6      | Reached skill level 6 in Conjurations
  6081 | D:6      | Reached skill level 5 in Invocations
  6292 | D:6      | Learned a level 1 spell: Beastly Appendage
  6295 | D:6      | Learned a level 2 spell: Ensorcelled Hibernation
  6300 | D:6      | Learned a level 4 spell: Iskenderun's Mystic Blast
  6363 | D:6      | Received a gift from Nemelex Xobeh
  6543 | D:6      | Found a runed translucent door.
  6544 | D:6      | Noticed Crazy Yiuf
  6620 | D:6      | Identified the +4 spear "Ogrebane" {vamp, rF- MP+9 Dex+3}
  6758 | D:6      | HP: 2/57 [poisoned by Crazy Yiuf]
  6759 | D:6      | Gained mutation: You have sharp fingernails. [potion of
                  | mutation]
  6759 | D:6      | Succumbed to Crazy Yiuf's poison

Illustrated notes

Levels and vault maps discovered:
D:1:      spicycebolla_arrival_xxxplode, layout_rooms,
          shapermc_ecumenical_altar_gd, minmay_misc_feat_secret_circle,
          solitary_fountain
D:2:      layout_basic, serial_shops, nicolae_shop_bloodbath_and_beyond
D:3:      gammafunk_wand_slinger, layout_basic, lemuel_blue_sif_altar
D:4:      layout_cave_pools, nicolae_elyvilon_temple_path, serial_column_ruins,
          column_ruins_temple_circle, column_ruins_grid_2,
          column_ruins_columns_corner, column_ruins_open_tiny,
          column_ruins_open_small, column_ruins_corridor_corner,
          column_ruins_columns_plus, uniq_sigmund
D:5:      gammafunk_steamed_eel, layout_rooms, lemuel_crystal_altar,
          marbit_many_paths, grunt_temple_overflow_order_and_chaos_2,
          minmay_temple_entry_from_below_a
D:6:      layout_cave_pools, tso_altar, uniq_crazy_yiuf_cottage

Skill      XL: |  1  2  3  4  5  6  7  8 |
---------------+-------------------------+-----
Stealth        | 2 3 |  3.5
Dodging        | 2 3 |  3.4
Invocations    | 1 2 3 4 5 |  5.3
Fighting       | 1 2 |  2.8
Axes           | 1 2 |  2.4
Spellcasting   | 3 4 |  4.3
Conjurations   | 5 6 |  6.1
Transmutations | 1 2 3 |  3.0
Earth Magic    | 1 2 3 |  3.1
Short Blades   | |  0.2
Hexes          | |  0.5
Translocations | |  0.4
Ice Magic      | |  0.6
Evocations     | |  0.7

Action                   |  1- 3 |  4- 6 |  7- 9 || total
-------------------------+-------+-------+-------++-------
Melee: Unarmed           |     6 |       |       ||     6
       Hand axe          |     5 |    42 |     9 ||    56
 Cast: Magic Dart        |    97 |    89 |    68 ||   254
       Searing Ray       |       |     7 |    22 ||    29
Invok: Draw Destruction  |       |       |     1 ||     1
Evoke: Wand              |       |    15 |       ||    15
  Use: Potion            |     1 |     1 |     3 ||     5
       Scroll            |       |     2 |     6 ||     8
Armor: Robe              |     4 |    15 |     2 ||    21
Dodge: Dodged            |    18 |    20 |    15 ||    53
Block: Other             |     8 |    11 |    20 ||    39
       Reflection        |       |       |     3 ||     3
